 Dungeon Crawl Stone Soup version 0.31-a0-188-g5e087ee2ca (webtiles) character file.

Game seed: 1335748953625818070

3051 qw the Skirmisher (level 9, -1/51 HPs)
             Began as a Deep Elf Hunter on June 23, 2023.
             Was a Follower of Okawaru.
             Killed from afar by an electric eel (7 damage)
             ... with a bolt of electricity
             ... on level 8 of the Dungeon.
             The game lasted 00:02:28 (6462 turns).

qw the Skirmisher (Deep Elf Hunter)                 Turns: 6462, Time: 00:02:29

Health: -1/51      AC: 13    Str: 12    XL:     9   Next: 57%
Magic:  12/14      EV: 17    Int: 15    God:    Okawaru [*.....]
Gold:   322        SH:  0    Dex: 18    Spells: 8/8 levels left

rFire   . . .        e - +1 orcbow
rCold   + + .        (shield currently unavailable)
rNeg    . . .        h - +1 ring mail {Will+}
rPois   .            (no helmet)
rElec   .            k - +0 cloak
rCorr   .            l - +0 pair of gloves
SInv    .            f - +0 pair of boots
Will    +....        (no amulet)
Stlth   ++           m - ring of protection from cold
HPRegen 0.28/turn    g - ring of protection from cold
MPRegen 0.14/turn

%: no passive effects
@: lethally poisoned (-1 -> -5), about to teleport, heroic, slowed, very slow
A: iridescent scales 1, mutation resistance 1
a: Renounce Religion, Heroism


You were on level 8 of the Dungeon.
You worshipped Okawaru.
Okawaru was aware of your devotion.
You visited 2 branches of the dungeon, and saw 9 of its levels.

You collected 322 gold pieces.


Innate Abilities, Weirdness & Mutations

You are partially covered in iridescent scales. (AC +2)
You are somewhat resistant to further mutation.


   Skills:
 - Level 3.2(8.2) Fighting
 + Level 14.3(19.3) Ranged Weapons
 - Level 2.0(7.0) Armour
 - Level 7.4(12.4) Dodging
 - Level 1.2(6.2) Stealth
 - Level 4.1 Invocations


You had 8 spell levels left.
You didn't know any spells.
Your spell library was empty.

Inventory:

Hand Weapons
 e - a +1 orcbow (weapon)
Armour
 f - a +0 pair of boots (worn)
 h - a +1 ring mail of willpower (worn)
 k - a +0 cloak (worn)
 l - a +0 pair of gloves (worn)
Jewellery
 g - a ring of protection from cold (right hand)
 m - a ring of protection from cold (left hand)
 Y - a ring of positive energy
Scrolls
 a - 2 scrolls of identify
 b - 4 scrolls of teleportation
 o - a scroll of enchant armour {unknown}
Potions
 c - a potion of haste
 d - a potion of curing
 i - a potion of resistance {unknown}
 j - a potion of invisibility {unknown}

Dungeon Overview and Level Annotations

Branches:
Dungeon (8/15)             Temple (1/1) D:5
   Lair: D:8-11

Altars:
Cheibriados
Dithmenos
Elyvilon
Fedhas
Gozag
Hepliaklqana
Makhleb
Nemelex Xobeh
Okawaru
Qazlal
Ru
Sif Muna
Trog
Uskayaw
Wu Jian
Xom
Yredelemnul
The Shining One


Message History

6460 ||| READING 6 scrolls of teleportation.
As you read the scroll of teleportation, it crumbles to dust.
You feel strangely unstable.
You feel very sick. The hornet misses you. The hornet closely misses you.
6461 ||| DRINKING potion of heal wounds.
You feel much better.
Your surroundings suddenly seem different.
Splash!
A wight and an electric eel come into view.
The wight is wielding a +0 halberd and carrying a wand of charming (6).
Found a ring mail and a robe.
You feel very sick.
A fire crab comes into view.
The electric eel shoots out a bolt of lightning at you!
The bolt of electricity hits the electric eel.
The electric eel completely resists.
The bolt of electricity hits you!
The electric eel shoots out a bolt of lightning at you!
The bolt of electricity hits you!
Enter note:
Enter note:
Enter note:
Enter note:
Enter note:
Enter note:
6462 ||| READING 5 scrolls of teleportation.
As you read the scroll of teleportation, it crumbles to dust.
You feel strangely unstable.
You feel sick.
The electric eel shoots out a bolt of lightning at you!
The bolt of electricity hits the electric eel.
The electric eel completely resists.
The bolt of electricity hits you.
The electric eel shoots out a bolt of lightning at you!
The bolt of electricity misses you.
The electric eel shoots out a bolt of lightning at you!
The bolt of electricity hits the electric eel.
The electric eel completely resists.
The bolt of electricity misses you.
The electric eel shoots out a bolt of lightning at you!
The bolt of electricity hits you!
You die...

#######....############.#########
###### #.......... ####
###........ ##..'## ##.......
#...t.# #....... #.....# #.......
#~P.z.# ######## #~.P..#.....#
#[.[.@#~P.~P# #~~.SS#~PP.|#
##~~S##[.?!~# #.######~~.~~#
#...~y##SSS### ### #~#####.##
##~~..'..## ######...# ###.#


You could see a fire crab, 3 electric eels and a wight.

Vanquished Creatures
  A two-headed ogre (D:8)
  A steam dragon (D:7)
  Edmund (D:6)
  A water moccasin (D:7)
  An orc warrior (D:5)
  3 sky beasts
  3 ogres
  A centaur (D:6)
  2 phantoms
  A bullfrog (D:4)
  A scorpion (D:6)
  3 wights (D:7)
  3 howler monkeys
  4 orc priests
  4 hounds
  4 sleepcaps
  A gnoll bouda (D:8)
  5 iguanas
  Terence (D:3)
  3 orc wizards
  6 gnolls (D:8)
  5 adders
  3 shadow imps
  2 white imps
  An ufetubus (D:6)
  3 worms
  4 dart slugs
  19 orcs
  4 ball pythons
  8 endoplasms
  5 giant cockroaches
  3 goblins
  2 hobgoblins
  7 jackals (D:2)
  8 kobolds
  2 quokkas
  7 bats
  5 frilled lizards
  8 rats
146 creatures vanquished.

Notes
Turn   | Place    | Note
-------+----------+-------------------------------------------
     0 | D:1      | qw the Deep Elf Hunter began the quest for the Orb.
     0 | D:1      | Reached XP level 1. HP: 12/12 MP: 3/3
     0 | D:1      | 0 ||| qw: Version: 0.3-a-9-g12657ce
     0 | D:1      | 0 ||| qw: Game counter: 4275
     0 | D:1      | 0 ||| qw: Always use a shield: true
     0 | D:1      | 0 ||| qw: God list: Okawaru
     0 | D:1      | 0 ||| qw: Allow faded altars: false
     0 | D:1      | 0 ||| qw: Do Orc after D:15 true
     0 | D:1      | 0 ||| qw: Do second Lair branch before Depths: true
     0 | D:1      | 0 ||| qw: Lair rune preference: random
     0 | D:1      | 0 ||| qw: Plans: Normal
     0 | D:1      | 0 ||| PLANNING D:1-11
   114 | D:1      | Reached skill level 6 in Ranged Weapons
   114 | D:1      | Reached XP level 2. HP: 15/16 MP: 4/4
   610 | D:1      | 610 ||| UPGRADING to +0 pair of boots.
   615 | D:1      | 615 ||| UPGRADING to +0 cloak.
   620 | D:1      | 620 ||| DROPPING +6 ring of intelligence.
   621 | D:1      | 621 ||| READING 2 scrolls labelled XEALUE XIANG.
   622 | D:1      | 622 ||| READING scroll labelled WUUSEU USHIQI.
   623 | D:1      | 623 ||| READING scroll labelled EBLUOXZONA.
   624 | D:1      | 624 ||| DROPPING scroll of butterflies.
   794 | D:2      | Reached XP level 3. HP: 16/20 MP: 5/5
  1139 | D:2      | Reached skill level 7 in Ranged Weapons
  1406 | D:2      | Found a blossoming altar of Fedhas.
  1456 | D:2      | 1456 ||| UPGRADING to +0 ring mail.
  1466 | D:2      | 1466 ||| DROPPING +0 leather armour.
  1467 | D:2      | 1467 ||| UPGRADING to ring of protection from cold.
  1468 | D:2      | 1468 ||| READING 2 scrolls labelled TIFASCH VETOE.
  1471 | D:2      | 1471 ||| READING 2 scrolls labelled JOKKIR JUESCH.
  1472 | D:2      | 1472 ||| DRINKING 2 glowing green potions.
  1473 | D:2      | 1473 ||| READING 3 scrolls of identify.
  1473 | D:2      | 1473 ||| IDENTIFYING sapphire potion
  1474 | D:2      | 1474 ||| READING 2 scrolls of identify.
  1474 | D:2      | 1474 ||| IDENTIFYING grey potion
  1475 | D:2      | 1475 ||| DROPPING potion of degeneration.
  1476 | D:2      | 1476 ||| DROPPING scroll of blinking.
  1477 | D:2      | 1477 ||| DROPPING potion of attraction.
  1648 | D:3      | Reached XP level 4. HP: 25/25 MP: 6/6
  1883 | D:3      | 1883 ||| READING 2 scrolls labelled VAGIOSUORU.
  1920 | D:3      | Noticed Terence
  1931 | D:3      | Killed Terence
  2062 | D:3      | Reached skill level 8 in Ranged Weapons
  2262 | D:3      | 2262 ||| UPGRADING to +1 ring mail of willpower.
  2272 | D:3      | 2272 ||| DROPPING +0 ring mail.
  2273 | D:3      | 2273 ||| DRINKING 2 fizzy golden potions.
  2274 | D:3      | 2274 ||| DROPPING scroll of noise.
  2275 | D:3      | 2275 ||| DROPPING potion of magic.
  2339 | D:4      | Reached XP level 5. HP: 29/29 MP: 7/7
  2343 | D:4      | 2343 ||| READING scroll of enchant weapon.
  2343 | D:4      | 2343 ||| ENCHANTING +1 shortbow.
  2352 | D:4      | Noticed an ogre
  2359 | D:4      | Killed an ogre
  2360 | D:4      | Reached skill level 9 in Ranged Weapons
  2419 | D:4      | Reached XP level 6. HP: 18/36 MP: 8/8
  2445 | D:4      | 2445 ||| FLEEEEING.
  2446 | D:4      | 2446 ||| FLEEEEING.
  2447 | D:4      | 2447 ||| STAIRDANCE
  2511 | D:4      | Reached skill level 1 in Armour
  2513 | D:4      | 2513 ||| FLEEEEING.
  2514 | D:4      | 2514 ||| FLEEEEING.
  2853 | D:4      | Found a basalt altar of Yredelemnul.
  3071 | D:4      | 3071 ||| READING 3 scrolls of enchant weapon.
  3071 | D:4      | 3071 ||| ENCHANTING +2 shortbow.
  3072 | D:4      | 3072 ||| READING 2 scrolls of enchant weapon.
  3072 | D:4      | 3072 ||| ENCHANTING +3 shortbow.
  3073 | D:4      | 3073 ||| READING scroll of enchant weapon.
  3073 | D:4      | 3073 ||| ENCHANTING +4 shortbow.
  3159 | D:4      | 3159 ||| READING scroll labelled OMIREEM BAUHE.
  3160 | D:4      | 3160 ||| READING scroll labelled KEIREM QIRABUPYA.
  3161 | D:4      | 3161 ||| DRINKING 2 bubbling silvery potions.
  3199 | D:5      | Entered Level 5 of the Dungeon
  3204 | D:5      | Reached skill level 10 in Ranged Weapons
  3207 | D:5      | 3207 ||| STAIRDANCE
  3211 | D:4      | HP: 6/36 [iguana (17)]
  3212 | D:4      | 3212 ||| READING 2 scrolls of teleportation.
  3213 | D:4      | 3213 ||| DRINKING potion of heal wounds.
  3215 | D:4      | Reached XP level 7. HP: 17/40 MP: 9/9
  3219 | D:4      | Reached skill level 3 in Dodging
  3335 | D:5      | HP: 7/40 [orc warrior/+0 dire flail (11)]
  3336 | D:5      | 3336 ||| READING scroll of teleportation.
  3339 | D:5      | Reached skill level 11 in Ranged Weapons
  3531 | D:5      | Found a staircase to the Ecumenical Temple.
  3532 | D:5      | 3532 ||| PLANNING TEMPLE
  3540 | Temple   | Entered the Ecumenical Temple
  3544 | Temple   | 3544 ||| PLANNING OKAWARU WORSHIP
  3733 | Temple   | Became a worshipper of Warmaster Okawaru
  3734 | Temple   | 3734 ||| PLANNING D:1-11
  3857 | D:5      | Reached skill level 12 in Ranged Weapons
  3947 | D:5      | 3947 ||| UPGRADING to ring of positive energy.
  3948 | D:5      | 3948 ||| DRINKING 2 orange potions.
  3948 | D:5      | Gained mutation: You are frail. (-10% HP) [potion of
                  | mutation]
  3949 | D:5      | 3949 ||| DRINKING potion of mutation.
  3949 | D:5      | Lost mutation: You are frail. (-10% HP) [potion of
                  | mutation]
  3949 | D:5      | Gained mutation: You are somewhat resistant to further
                  | mutation. [potion of mutation]
  3949 | D:5      | Gained mutation: You are partially covered in iridescent
                  | scales. (AC +2) [potion of mutation]
  3971 | D:6      | 3971 ||| STAIRDANCE
  4099 | D:6      | Reached skill level 3 in Fighting
  4099 | D:6      | Reached XP level 8. HP: 34/46 MP: 10/10
  4235 | D:6      | 4235 ||| SWAPPING to +0 orcbow.
  4236 | D:6      | 4236 ||| DROPPING +5 shortbow of draining.
  4507 | D:6      | You fall into a shaft and drop 2 floors!
  4527 | D:8      | Reached * piety under Okawaru
  4549 | D:8      | 4549 ||| READING scroll of enchant weapon.
  4549 | D:8      | 4549 ||| ENCHANTING +0 orcbow.
  4563 | D:8      | 4563 ||| UPGRADING to +0 pair of gloves.
  4568 | D:8      | 4568 ||| READING scroll labelled LUHIVAGREO QOSE.
  4570 | D:8      | 4570 ||| Stepping ~*~*~tactically~*~*~ (cloud).
  4664 | D:8      | 4664 ||| FLEEEEING.
  4665 | D:8      | 4665 ||| FLEEEEING.
  4666 | D:8      | 4666 ||| FLEEEEING.
  4667 | D:8      | 4667 ||| FLEEEEING.
  4668 | D:8      | 4668 ||| Stepping ~*~*~tactically~*~*~ (cloud).
  4669 | D:8      | 4669 ||| STAIRDANCE
  4714 | D:7      | Reached skill level 1 in Invocations
  4726 | D:7      | Reached skill level 13 in Ranged Weapons
  4799 | D:7      | Reached skill level 3 in Invocations
  4847 | D:7      | 4847 ||| UPGRADING to ring of protection from cold.
  4849 | D:7      | 4849 ||| READING 2 scrolls of identify.
  4849 | D:7      | 4849 ||| IDENTIFYING dark potion
  4880 | D:6      | Noticed Edmund
  4881 | D:6      | 4881 ||| INVOKING Heroism.
  4891 | D:6      | Killed Edmund
  4892 | D:6      | Reached XP level 9. HP: 51/51 MP: 11/14
  5663 | D:8      | 5663 ||| STAIRDANCE
  5721 | D:8      | 5721 ||| STAIRDANCE
  5825 | D:8      | 5825 ||| INVOKING Heroism.
  5834 | D:8      | 5834 ||| STAIRDANCE
  5838 | D:7      | Reached skill level 14 in Ranged Weapons
  6044 | D:8      | Noticed a two-headed ogre
  6045 | D:8      | 6045 ||| INVOKING Heroism.
  6056 | D:8      | Killed a two-headed ogre
  6204 | D:8      | 6204 ||| INVOKING Heroism.
  6264 | D:8      | 6264 ||| INVOKING Heroism.
  6269 | D:8      | 6269 ||| Stepping ~*~*~tactically~*~*~ (outnumbered).
  6272 | D:8      | 6272 ||| Stepping ~*~*~tactically~*~*~ (outnumbered).
  6273 | D:8      | 6273 ||| Stepping ~*~*~tactically~*~*~ (outnumbered).
  6276 | D:8      | 6276 ||| INVOKING Heroism.
  6454 | D:8      | Paralysed by a hornet for 1 turns
  6459 | D:8      | 6459 ||| INVOKING Heroism.
  6459 | D:8      | HP: 11/51 [hornet (13)]
  6460 | D:8      | 6460 ||| READING 6 scrolls of teleportation.
  6461 | D:8      | 6461 ||| DRINKING potion of heal wounds.
  6461 | D:8      | Noticed a fire crab
  6462 | D:8      | 6462 ||| READING 5 scrolls of teleportation.
  6462 | D:8      | Killed from afar by an electric eel

Levels and vault maps discovered:
D:1:      dpeg_arrival_leaves_temple_mockup, layout_loops_ring
D:2:      layout_loops_corners, basic_altar
D:3:      minmay_skewed_foursquare, layout_basic, serial_bayou_lagoon_b,
          uniq_terence, uniq_crazy_yiuf_cottage
D:4:      layout_cave_pods, kennysheep_mini_moat
D:5:      layout_rooms, minmay_temple_entry_proselytizer
D:6:      layout_loops_ring, minmay_misc_feat_square, st_stairs_9, uniq_edmund
D:7:      layout_cave_pools, minmay_misc_feat_nine_boxes
D:8:      cheibrodos_two_vegetables, layout_basic
Temple:   nicolae_temple_bog_church

Skill      XL: |  1  2  3  4  5  6  7  8  9 |
---------------+----------------------------+-----
Ranged Weapons | 6 7 8 9 10 12 13 14 | 14.3
Fighting       | 2 3 |  3.2
Armour         | 1 2 |  2.0
Dodging        | 3 4 7 |  7.4
Invocations    | 4 |  4.1
Stealth        | |  1.2

Action                     |  1- 3 |  4- 6 |  7- 9 || total
---------------------------+-------+-------+-------++-------
   Fire: Shortbow          |   148 |   104 |    90 ||   342
         Orcbow            |       |       |   200 ||   200
 Invoke: Heroism           |       |       |     7 ||     7
    Use: Scroll            |     7 |     8 |     6 ||    21
         Potion            |     1 |     3 |     3 ||     7
 Armour: Leather armour    |    15 |       |       ||    15
         Ring mail         |     1 |    11 |    56 ||    68
  Dodge: Dodged            |    48 |    26 |    92 ||   166

Table legend:
 A = Non-vault XP
 B = Vault XP
 C = Vault XP percentage of total XP
 D = Non-vault monster count
 E = Vault monster count
 F = Vault count percentage of total count
                 A         B        C        D         E       F
            +---------+---------+-------+---------+---------+-------
      Total |    4071 |     288 |   6.6 |     134 |      12 |   8.2
            +---------+---------+-------+---------+---------+-------
        D:1 |      31 |       0 |   0.0 |      19 |       0 |   0.0
        D:2 |      49 |       0 |   0.0 |      22 |       0 |   0.0
        D:3 |      11 |      59 |  84.3 |       9 |       8 |  47.1
        D:4 |     535 |       0 |   0.0 |      23 |       0 |   0.0
        D:5 |     621 |      54 |   8.0 |      19 |       2 |   9.5
        D:6 |     718 |     175 |  19.6 |      18 |       2 |  10.0
        D:7 |     865 |       0 |   0.0 |       9 |       0 |   0.0
        D:8 |    1241 |       0 |   0.0 |      15 |       0 |   0.0
            +---------+---------+-------+---------+---------+-------
